 Dungeon Crawl Stone Soup version 0.30-a0-253-g6b895097cc (webtiles) character file.

Game seed: 8444271440324669292

61 Angani the Cudgeller (level 3, -4/31 HPs)
             Began as an Armataur Reaver on Oct 13, 2022.
             Slain by a gnoll
             ... wielding a +0 whip
              (6 damage)
             ... on level 3 of the Dungeon.
             The game lasted 00:06:53 (1800 turns).

Angani the Cudgeller (Armataur Reaver)              Turns: 1800, Time: 00:06:54

Health: -4/31      AC:  4    Str: 17    XL:     3   Next: 83%
Magic:  1/5        EV:  9    Int: 15    God:
Gold:   117        SH:  0    Dex:  8    Spells: 2/5 levels left

rFire   . . .      SeeInvis .    u - +0 flail
rCold   . . .      Faith    .    (no shield)
rNeg    + . .      Spirit   .    b - +0 leather armour
rPois   .          Reflect  .    (no helmet)
rElec   .          Harm     .    (no cloak)
rCorr   .          Roll     +    (no gloves)
Will    .....                    (no barding)
Stlth   +.........               (no amulet)
HPRegen 0.25/turn                d - ring of positive energy
MPRegen 0.09/turn                (no ring)

@: wereblooded, hasted, very quick
A: large, rugged brown scales 3, deformed body, armoured tail, roll, long
tongue, awkward tongue
a: no special abilities


You were on level 3 of the Dungeon.
You visited 1 branch of the dungeon, and saw 3 of its levels.

You collected 117 gold pieces.

Inventory:

Hand Weapons
 u - a +0 flail (weapon)
Armour
 b - a +0 leather armour (worn)
 r - a +0 chain mail
Jewellery
 d - a ring of positive energy (left hand)
Wands
 t - a wand of light (8)
Scrolls
 f - 2 scrolls of identify {unknown}
 g - a scroll of amnesia {unknown}
 h - a scroll of poison {unknown}
 k - a scroll of teleportation {unknown}
 l - a scroll of vulnerability {unknown}
 n - a scroll of immolation {unknown}
 o - a scroll of magic mapping {unknown}
 p - 2 scrolls of brand weapon {unknown}
Potions
 c - a potion of haste
 e - a potion of degeneration {unknown}
 i - a potion of heal wounds {unknown}
 j - a potion of attraction {unknown}
 m - a potion of might {unknown}
 q - a potion of lignification {unknown}
 s - a potion of magic {unknown}


   Skills:
 - Level 1.7 Fighting
 + Level 3.6 Maces & Flails
 - Level 1.3 Dodging
 - Level 1.7 Spellcasting
 - Level 2.6 Conjurations
 + Level 2.1 Transmutations


You had 2 spell levels left.
You knew the following spells:

 Your Spells              Type           Power      Damage    Failure   Level
a - Kiss of Death         Conj/Necr      20%        2d7       16%         1
b - Wereblood             Tmut           7%         N/A       17%         2

Your spell library contained the following spells:

 Spells                   Type           Power      Damage    Failure   Level
 Beastly Appendage        Tmut           14%        N/A       12%         1
 Momentum Strike          Conj/Tloc      10%        3d8       24%         2
 Hailstorm                Conj/Ice       5%         3d4       43%         3
 Spider Form              Tmut/Pois      4%         N/A       47%         3


Dungeon Overview and Level Annotations

Branches:
Dungeon (3/15)

Altars:

Shops:
D:1 [


Innate Abilities, Weirdness & Mutations

You are completely covered in rugged brown scales. (AC +3, +7% HP)
Armour fits poorly on your strangely shaped body.
You have a long armoured tail.
You roll when moving toward enemies. (Rampage)
Your long tongue fully drains potion bottles. (2x potion effects)
Your tongue gives you trouble enunciating. (1.5x scroll delay)


Message History

You are very lightly contaminated with residual magic.
Nothing appears to happen.
The bat closely misses you.
Casting: Wereblood (safe; 17% risk of failure)
Confirm with . or Enter, or press ? or * to list all spells.
You miscast Wereblood.
Nothing appears to happen.
The bat barely misses you.
Unknown command.
The bat barely misses you.
You barely miss the bat. The bat closely misses you. The bat barely misses you.
The gnoll hits you from afar with a +0 spear.
The bat hits you but does no damage.
The gnoll hits you from afar with a +0 spear.
You thump the bat!
You kill the bat!
The gnoll hits you from afar with a +0 spear.
You open the large door.
The gnoll hits you from afar with a +0 spear.
There is a large open door here.
There is a large open door here.
Your magical contamination has completely faded away.
Found 11 gold pieces.
The gnoll attacks as you move away! The gnoll hits you with a +0 whip.
The gnoll attacks as you move away! The gnoll hits you with a +0 whip.
You see here a bat corpse.
Casting: Wereblood (safe; 17% risk of failure)
Confirm with . or Enter, or press ? or * to list all spells.
Your blood is infused with primal strength.
The gnoll hits you with a +0 whip.
* * * LOW HITPOINT WARNING * * *
Unknown command.
You sock the gnoll!
The gnoll is severely wounded.
The gnoll closely misses you.
The gnoll hits you from afar with a +0 spear.
* * * LOW HITPOINT WARNING * * *
The gnoll hits you with a +0 whip.
* * * LOW HITPOINT WARNING * * *
Okay, then.
It was a potion of haste.
You feel yourself speed up. The gnoll hits you with a +0 whip.
You die...

#..........# ####### ..
#..........# #.....###.#
#..........###)....##..#
#..........'.#.....##.#######
#..........#......g..g..g...#
#..........###b##.###....g...
#..........# #.#..# #........
################.#.## #........
#...........gg@....###########.
#.......##..g######............
#.......##...# #.####.......
#.......''...# #.# #.......
#.......##...# #.# ##......
#.......####.# #.# #......
######### #.# ..# #...... #.#
### #...... $# #......


You could see 3 gnolls.

Vanquished Creatures
  2 adders (D:2)
  A worm (D:3)
  A dart slug (D:1)
  2 orcs (D:3)
  4 endoplasms
  2 giant cockroaches (D:2)
  3 goblins (D:1)
  A hobgoblin (D:2)
  2 quokkas
  4 ball pythons
  6 bats
  2 frilled lizards
  4 kobolds
  3 rats
37 creatures vanquished.

Notes
Turn   | Place    | Note
-------+----------+-------------------------------------------
     0 | D:1      | Angani the Armataur Reaver began the quest for the Orb.
     0 | D:1      | Reached XP level 1. HP: 18/18 MP: 3/3
   132 | D:1      | Found a faded altar of an unknown god.
   166 | D:1      | Found Gus Heus's Armour Emporium.
   281 | D:1      | Reached skill level 3 in Maces & Flails
   284 | D:1      | Reached skill level 1 in Transmutations
   284 | D:1      | Reached XP level 2. HP: 24/25 MP: 4/4
   287 | D:1      | Learned a level 2 spell: Wereblood
  1014 | D:2      | Reached XP level 3. HP: 24/31 MP: 5/5
  1800 | D:3      | Slain by a gnoll

Illustrated notes

Levels and vault maps discovered:
D:1:      lightli_arrival_statue_moat, layout_loops_ring,
          hellmonk_ecumenical_altar_crossroads, serial_shops,
          nicolae_shop_advertising_works [nicolae_subvault_shop_adworks]
D:2:      layout_loops_ring
D:3:      layout_basic, nicolae_overflow_ecumenical_swirl,
          overflow_temple_1_default

Skill      XL: |  1  2  3 |
---------------+----------+-----
Maces & Flails | 3 |  3.6
Transmutations | 1 2 |  2.1
Fighting       | |  1.7
Dodging        | |  1.3
Spellcasting   | |  1.7
Conjurations   | |  2.6

Action                   || total
-------------------------++-------
Melee: Mace              ||    98
       Tailslap          ||     5
       Flail             ||     5
 Cast: Wereblood         ||     1
  Use: Scroll            ||     1
       Potion            ||     1
Armor: Leather armour    ||    43
Dodge: Dodged            ||    48

Table legend: (Time is in decaauts)
 A = Elapsed time spent in this place.
 B = Non-inter-level travel time spent in this place.
 C = Inter-level travel time spent in this place.
 D = Time resting spent in this place.
 E = Time spent auto-exploring this place.
 F = Levels seen in this place.
 G = Mean time per level.
                   A        B        C        D        E       F      G
               +--------+--------+--------+--------+--------+-----+--------+
         Total |   1823 |   1780 |     43 |    148 |   1170 |   3 |  607.7 |
       Dungeon |   1823 |   1780 |     43 |    148 |   1170 |   3 |  607.7 |
               +--------+--------+--------+--------+--------+-----+--------+

Top non-repeatable levels by time:
     D:1: 769 daAuts
     D:2: 758 daAuts
     D:3: 296 daAuts
